 Dungeon Crawl Stone Soup version 0.27-a0-887-gcab673c142 (webtiles) character file.

Game seed: 10636747675415386645

8 Alarkh the Insei (level 2, 22/22 HPs)
             Began as a Demonspawn Gladiator on Apr 4, 2021.
             Got out of the dungeon alive.
             The game lasted 00:00:15 (172 turns).

Alarkh the Insei (Demonspawn Gladiator)              Turns: 172, Time: 00:00:16

Health: 22/22      AC:  4    Str: 14    XL:     2   Next: 0%
Magic:  2/2        EV: 12    Int:  9    God:
Gold:   18         SH:  0    Dex: 14    Spells: 1/1 levels left

rFire    . . .     SeeInvis .     - Unarmed
rCold    . . .     Faith    .   (no shield)
rNeg     . . .     Spirit   .   a - +0 leather armour
rPois    .         Reflect  .   b - +0 helmet
rElec    .         Harm     .   (no cloak)
rCorr    .         Rampage  .   (no gloves)
Will     .....                  (no boots)
Stlth    +.........             (no amulet)
HPRegen  0.07/turn              (no ring)
MPRegen  0.08/turn              (no ring)

@: no status effects
A: powered by pain 1
a: no special abilities


You escaped.
You visited 1 branch of the dungeon, and saw 1 of its levels.

You collected 18 gold pieces.

Inventory:

Missiles
 c - 3 throwing nets (quivered)
Armour
 a - a +0 leather armour (worn)
 b - a +0 helmet (worn)


   Skills:
 + Level 2.2 Fighting
 - Level 1.7 Throwing
 - Level 2.6 Dodging
 * Level 3.1 Unarmed Combat


You had one spell level left.
You didn't know any spells.
Your spell library was empty.

Dungeon Overview and Level Annotations

Branches:
Dungeon (1/15)

Altars:


Innate Abilities, Weirdness & Mutations

You sometimes gain a little power by taking damage.


Message History

The hobgoblin hits you but does no damage.
You barely miss the hobgoblin.
The hobgoblin hits you but does no damage.
You hit the hobgoblin.
The hobgoblin is severely wounded.
The hobgoblin barely misses you.
You hit the hobgoblin.
The hobgoblin is almost dead.
The hobgoblin hits you but does no damage.
You hit the hobgoblin.
You kill the hobgoblin!
You completely miss the dart slug. You hit the dart slug.
The dart slug is moderately wounded.
The dart slug bites you but does no damage.
You hit the dart slug.
The dart slug is severely wounded.
The dart slug launches a dart at you. The slug dart misses you.
You hit the dart slug.
You kill the dart slug!
Your Unarmed Combat skill increases to level 3!
You have reached level 2!
Your demonic ancestry asserts itself...
You feel energised by your suffering.
No target in view!
You now have 13 gold pieces.
You now have 18 gold pieces (gained 5).
Found 32 sling bullets.
Found a stone staircase leading down.
HP restored.
You see here 32 sling bullets.
You see here a +0 hunting sling.
Found 8 bolts and a whip.
Found a club.
No target in view!
You enter the shallow water.
Moving in this stuff is going to be slow.
There is a staircase leading out of the dungeon here.
Are you sure you want to leave the Dungeon?
This will make you lose the game!
You have escaped!

... #.#....... ## ##.##
###...†.....
..####...####....##..#.#
....#..≈..#....)###.....
..≈....≈....≈..8###.#.#.
...≈..≈≈≈..≈...###.^#.#.
....≈≈≈≈≈≈≈...(.#...#.#.
..≈≈≈≈...≈≈≈≈.....#.#.##
≈≈≈≈≈..@..≈≈≈≈≈..##.#)#
..≈≈≈≈...≈≈≈≈....##.#.#
....≈≈≈≈≈≈≈.....#.....##
...≈..≈≈≈..≈...####.#..#
..≈....≈....≈..8# #.....
....#..≈..#.....###.....
.
..####.).####....##.....
..#######.##
###..##.####
).......#..# #(###....


There were no monsters in sight!

Vanquished Creatures
  A dart slug (D:1)
  A giant cockroach (D:1)
  A hobgoblin (D:1)
  2 frilled lizards (D:1)
  A goblin (D:1)
  A rat (D:1)
7 creatures vanquished.

Notes
Turn   | Place    | Note
-------+----------+-------------------------------------------
     0 | D:1      | Alarkh the Demonspawn Gladiator began the quest for the
                  | Orb.
     0 | D:1      | Reached XP level 1. HP: 16/16 MP: 1/1
    29 | D:1      | Found a faded altar of an unknown god.
   112 | D:1      | Reached skill level 3 in Unarmed Combat
   112 | D:1      | Gained mutation: You sometimes gain a little power by
                  | taking damage. [demonic ancestry]
   112 | D:1      | Reached XP level 2. HP: 19/22 MP: 2/2
   172 | D:$      | Got out of the dungeon alive.

Illustrated notes

Levels and vault maps discovered:
D:1:      eino_arrival_water_star, layout_rooms, basic_ecumenical_altar

Skill      XL: |  1 |
---------------+----+-----
Unarmed Combat | 3 |  3.1
Fighting       | |  2.2
Throwing       | |  1.7
Dodging        | |  2.6

Action                   || total
-------------------------++-------
Melee: Unarmed           ||    29
Armor: Leather armour    ||     9
Dodge: Dodged            ||    17

Table legend: (Time is in decaauts)
 A = Elapsed time spent in this place.
 B = Non-inter-level travel time spent in this place.
 C = Inter-level travel time spent in this place.
 D = Time resting spent in this place.
 E = Time spent auto-exploring this place.
 F = Levels seen in this place.
 G = Mean time per level.
                   A        B        C        D        E       F      G
               +--------+--------+--------+--------+--------+-----+--------+
         Total |    171 |    158 |     13 |      0 |    109 |   1 |  171.0 |
       Dungeon |    171 |    158 |     13 |      0 |    109 |   1 |  171.0 |
               +--------+--------+--------+--------+--------+-----+--------+

Top non-repeatable levels by time:
     D:1: 171 daAuts
